← All builds
Front / Armada / Economy first / OBSERVED BUILD

Standard front

Armada Front build order · Supreme Isthmus

Standard economy-first Front play: Bot Lab and Vehicle Plant up almost immediately, army is a mix of Blitz, Rocketeer, Pawn and Janus sent to hold the wider gap and then push into middle with the ally, scaling into an Advanced Metal…

#eco · 1821 distinct matches · 269 players · 74% of Armada Front games · team won 60% of 2122 · Recently observed

HOW TO PLAY IT

Key timing: T2 constructor by 7:43

  1. Open mex and wind, drop Bot Lab and Vehicle Plant almost immediately.
  2. Pump Blitz, Rocketeer and Pawn to the coast to stop leaks first.
  3. Add Centurion and Janus once first units are moving up.
  4. Form units into a line pushing toward middle as numbers grow.
  5. Upgrade to Advanced Metal Extractor as the economy transition kicks in.

Phase by phase

TYPICAL OF ITS 1821 GAMES
  1. 1
  2. 2
  3. 3
PLAY THE OPENING

Follow the example game's first 6:00 step by step: what to build now, what comes next, and where it goes. At 1× it keeps pace with your own game.

  1. 1

    Up to the Bot Lab

    Economy
    • Metal Extractor2Mex
    Order
    1. Bot LabBot Lab after 2 mex, 1 winddone ~0:44, middle half 0:33–0:57

    Some games also: wind (48%) · Vehicle Plant (36%)

    By 0:28 in all: 2 mex

    The example game in this phase · 1 step
    1. Bot LabBot Labdone 0:19 · typical 0:44
  2. 2

    Bot Lab to 5:00

    Economy
    • Metal Extractor4Mex
    • Wind Turbine3Wind
    Builders
    • Construction Bot2 Con bot
    Army
    • Sentry1 Sentry
    • Rocketeer6 Rocketeer

    Some games also: Lazarus (49%) · tick (46%) · centurion (40%) · Radar Tower (32%) · con vehicle (31%)

    By 5:00 in all: 6 mex · 6 wind

    The example game in this phase · 21 steps
    1. TickTick ×4
    2. Construction BotCon bot
    3. LazarusLazarus ×2
    4. PawnPawn ×5
    5. Mex ×2
    6. PawnPawn
    7. Construction BotCon bot
    8. Mex
    9. Construction BotCon bot
    10. Mex
    11. Construction BotCon bot
    12. RocketeerRocketeer ×2
    13. Con turret
    14. RocketeerRocketeer
    15. Con turret
    16. RocketeerRocketeer ×2
    17. Mex
    18. CenturionCenturion
    19. Wind
    20. CenturionCenturion
    21. Wind ×2
  3. 3

    5:00 to 10:00

    Economy
    • Metal Extractor1Mex
    • Wind Turbine14Wind
    Builders
    • Construction Turret2 Con turret
    Army
    • Sentry1 Sentry

    Some games also: rocketeer (46%) · energy storage (43%) · Lazarus (38%) · con bot (38%) · Radar Tower (36%)

    By 10:00 in all: 7 mex · 24 wind · 1 energy storage · 3 con turret

    The example game in this phase · 73 steps
    1. Wind ×2
    2. CenturionCenturion
    3. Mex
    4. CenturionCenturion
    5. Wind ×2
    6. CenturionCenturion ×2
    7. Wind ×2
    8. CenturionCenturion
    9. Mex
    10. Wind ×2
    11. CenturionCenturion
    12. Mex
    13. Wind ×2
    14. LazarusLazarus ×2
    15. Mex
    16. LazarusLazarus
    17. Wind ×2
    18. LazarusLazarus ×2
    19. Wind ×2
    20. LazarusLazarus
    21. RocketeerRocketeer
    22. Wind
    23. LazarusLazarus
    24. Wind
    25. BlitzBlitz
    26. LazarusLazarus
    27. RocketeerRocketeer
    28. HeliosHelios
    29. RocketeerRocketeer
    30. BlitzBlitz
    31. Wind ×2
    32. RocketeerRocketeer
    33. CenturionCenturion
    34. RocketeerRocketeer
    35. BlitzBlitz
    36. RocketeerRocketeer
    37. Wind ×2
    38. RocketeerRocketeer ×4
    39. HeliosHelios
    40. Wind ×2
    41. Advanced Metal ExtractorT2 mexdone 10:06 · typical 9:01
    42. RocketeerRocketeer
    43. Wind ×2
    44. Radar TowerRadar Tower
    45. RocketeerRocketeer
    46. Converter
    47. Wind ×3
    48. RocketeerRocketeer
    49. Wind
    50. RocketeerRocketeer
    51. Advanced Metal ExtractorT2 mex
    52. Converter
    53. RocketeerRocketeer ×2
    54. Wind
    55. RocketeerRocketeer
    56. Wind
    57. SentrySentry
    58. Advanced Metal ExtractorT2 mex
    59. SentrySentry
    60. Advanced Metal ExtractorT2 mex
    61. Construction BotCon bot ×11
    62. Advanced Metal ExtractorT2 mex
    63. Metal storage
    64. Converter ×9
    65. TickTick ×13
    66. Con turret
    67. TickTick
    68. Con turret ×2
    69. TickTick ×2
    70. Con turret
    71. TickTick ×6
    72. Con turret ×3
    73. TickTick

Counts are medians over the build's games: half of them build more, half fewer. The example game is Private_Gator's (30 OS, 16/10/2026); pick another.

Team trades

IN AT LEAST 30% OF ITS GAMES

You hand over

Nothing regular.

You get

  • Tidal Generator4 Tidal from Pondfirst at 0:17 · in 68% of games
  • Advanced Construction Bot1 T2 con bot from Geo or Techfirst at 7:25 · in 65% of games

How it plays out

Typical game of this build, running totals by minute

Metal produced

010k20k30k
0:005:0010:0015:00

metal

Enemy metal destroyed

05k10k
0:005:0010:0015:00

metal

Own metal lost

05k10k
0:005:0010:0015:00

metal

2122 games.

Show as table
ByMetal produced: This buildEnemy metal destroyed: This buildOwn metal lost: This build
1:0033300
2:008422131
3:001619135108
4:002699521333
5:0038461123782
6:00503119181420
7:00625827142290
8:00754335453155
9:00898743244047
10:001056450114783
11:001239855285548
12:001453659826401
13:001690364707001
14:001927572057856
15:002195378758733
WHAT THE NUMBERS SAY

Standard Front play wins more often than Suicide front and produces more metal by 15:00 while losing less of it.

  • + Metal produced reaches 22627 by 15:00, well above Suicide front's 20142.
  • + Own metal lost is 8944 by 15:00, lower than enemy metal destroyed ratio of Suicide front.
  • − First unit lost already at 1:43, showing exposure despite the safer position.
  • − Blitz dominates army share at 25%, leaving fewer Centurion for anti-swarm.
THE EXAMPLE YOU ARE READING

Private_Gator

30.2 OS · 16/10/2026

Open source match ↗

20 received units · includes a constructor
464 metal received · 21039 energy received

Allied construction assistance is unknown. Timings are observations, not a promise of solo reproducibility.

Typical milestones

Bot Lab0:44Middle 50%: 0:33–0:57 · n=1430
Vehicle Plant0:47Middle 50%: 0:41–1:18 · n=1363
Advanced Metal Extractor9:01Middle 50%: 8:09–10:15 · n=1660

Played most by

haaven109games of this buildHummell108games of this buildLeohvm97games of this buildTheGeneraI77games of this buildXad69games of this build